cohdb
Replays
Latest Replays
All Replays
Popular Replays
Top Player Replays
Match Explorer
How It Works
Community
CoH3 Stats
Reddit
Sign in to upload your games and track your stats! →
Sign in with Steam
Match 45283429
Unlisted
Match 45283429
Overview
Messages
Build Orders
End
Vickers Machine Gun Team
Construct Section Command Post
Selects Heavy Armor Battlegroup
Dingo Light Scout Car
Infantry Section
Infantry Section
Selects Rigorous Vehicle Training
Construct Platoon Command Post
Infantry Section
Vickers Machine Gun Team
6-pounder Anti-tank Gun Team
Infantry Training
6-pounder Anti-tank Gun Team
Construct Company Command Post
Crusader II Medium Tank
Royal Engineer Section
Team Weapon Training
Selects Forward Repair Assembly
Selects Churchill Black Prince Heavy Tank
Infantry Section
Churchill Black Prince Heavy Tank
Selects Light Vehicle Withdraw and Refit
Selects Radio Net
Selects Recon Artillery
Recon Artillery
Infantry Section
Crusader II Medium Tank
Recon Artillery
Crusader II Medium Tank
Infantry Section
Recon Artillery
Crusader II Medium Tank
Crusader II Medium Tank
6-pounder Anti-tank Gun Team
Ghost
aion907(ROK)
Septimum
Seocheon
0
0
Comments
sign in to comment!
No comments posted yet!